 Dungeon Crawl Stone Soup version 0.18-a0-1805-g8ab820f (webtiles) character file.

112 Duffy the Chopper (level 4, 0/35 HPs)
             Began as a Demonspawn Fighter on Apr 25, 2016.
             Slain by an adder (2 damage)
             ... on level 2 of the Dungeon.
             The game lasted 00:01:48 (2060 turns).

Duffy the Chopper (Demonspawn Fighter)              Turns: 2060, Time: 00:01:49

Health: 0/35       AC: 12    Str: 23    XL:     4   Next: 63%
Magic:  4/4        EV:  7    Int:  9    God:
Gold:   133        SH:  0    Dex: 12    Spells: 0 memorised, 3 levels left

rFire  . . .     SeeInvis .     a - +0 war axe
rCold  . . .     Gourm    .     j - +0 chain mail
rNeg   . . .     Faith    .     (no shield)
rPois  .         Spirit   .     (no helmet)
rElec  .         Dismiss  .     (no cloak)
rCorr  .         Reflect  .     (no gloves)
SustAt .         Harm     .     (no boots)
MR     .....                    (no amulet)
Stlth  ..........               (no ring)
                                (no ring)

@: mighty, heavily drained, not resistant to hostile enchantments, extremely
unstealthy
A: talons 1, iridescent scales 1
a: no special abilities


You were on level 2 of the Dungeon.
You were not hungry.

You visited 1 branch of the dungeon, and saw 3 of its levels.

You collected 133 gold pieces.


Innate Abilities, Weirdness & Mutations

You have sharp toenails.
You are partially covered in iridescent scales (AC +4).


   Skills:
 - Level 3.0(1.4) Fighting
 + Level 4.4(2.9) Axes
 - Level 2.6(1.1) Armour
 - Level 2.6(1.1) Shields


You had 3 spell levels left.
You didn't know any spells.

Inventory:

Hand Weapons
 a - a +0 war axe (weapon)
Armour
 b - a +0 scale mail
 c - a +0 shield
 j - a +0 chain mail (worn)
Scrolls
 g - a scroll of remove curse {unknown}
 k - a scroll of fog {unknown}
 l - a scroll of fear {unknown}
 m - 3 scrolls of teleportation
 o - a scroll of identify {unknown}
 r - a scroll of blinking {unknown}
 s - a scroll of random uselessness {unknown}
Potions
 e - a potion of flight {unknown}
 h - a potion of curing {unknown}
 i - a potion of brilliance {unknown}
 n - a potion of heal wounds {unknown}
 q - a potion of degeneration {unknown}
Comestibles
 f - 4 bread rations

Dungeon Overview and Level Annotations

Branches:
Dungeon (3/15)

Altars:
Qazlal
Sif Muna

Annotations:
D:3 Duffy's ghost, weakling DsFi


Message History

The kobold moves out of view.
You closely miss Duffy's ghost.
You claw Duffy's ghost, but do no damage.
Duffy's ghost hits you.
An adder comes into view.
You hit Duffy's ghost but do no damage.
You claw Duffy's ghost, but do no damage.
Duffy's ghost hits you. The adder bites you but does no damage.
Your chain mail prevents you from hitting Duffy's ghost.
Your kick misses Duffy's ghost. You closely miss the adder.
Duffy's ghost hits you. The adder bites you.
You are poisoned.
The adder poisons you! Duffy's ghost hits you!
You are too injured to fight recklessly!
You are too injured to fight recklessly!
You are too injured to fight recklessly!
You are too injured to fight recklessly!
You are too injured to fight recklessly!
You are too injured to fight recklessly!
You are too injured to fight recklessly!
You are too injured to fight recklessly!
You are too injured to fight recklessly!
You are too injured to fight recklessly!
You are too injured to fight recklessly!
You are too injured to fight recklessly!
You are too injured to fight recklessly!
You are too injured to fight recklessly!
You are too injured to fight recklessly!
You are too injured to fight recklessly!
You are too injured to fight recklessly!
You are too injured to fight recklessly!
You are too injured to fight recklessly!
You feel sick. The adder bites you.
You feel sick. The adder closely misses you.
Drink which item? (? for menu, Esc to quit)
Okay, then.
Found a deep blue altar of Sif Muna.
You feel sick.
Duffy's ghost mumbles, "They all look like pillowcases to me..."
The adder completely misses you.
There is a stone staircase leading up here.
The adder bites you.
You climb upwards.
There is a stone staircase leading down here.
Drink which item? (? for menu, Esc to quit)
You feel very mighty all of a sudden.
You feel sick.
You are no longer poisoned.
The adder bites you but does no damage. The adder bites you.
You die...

#.#####.#.....# #.#########
#.# #.#.#.#.# #..........
#.# #.......# #..########
#.# ###.#.#.# #..# #.#
#.....#####..######## #.#
##..........%........ #.#
##..#######..########
#.#######...####.....# #
#...........@##...#.## #
#########.#S##......# #
##..........#########
###.................
#>............####
#.........###.#
###.........###.####
########...........#.......
#...........<...%..#.......


You could see an adder.

Action                   |  1- 3 |  4- 6 || total
-------------------------+-------+-------++-------
Melee: War axe           |   136 |    47 ||   183
       Kick              |       |    18 ||    18
  Use: Scroll            |     1 |     1 ||     2
       Potion            |       |     1 ||     1
  Eat: Chunk             |     1 |     3 ||     4
Armor: Scale mail        |    46 |       ||    46
       Chain mail        |   106 |    35 ||   141
Dodge: Dodged            |    70 |    20 ||    90
Block: Shield            |    37 |       ||    37

Notes
Turn   | Place    | Note
--------------------------------------------------------------
     0 | D:1      | Duffy the Demonspawn Fighter began the quest for the Orb.
     0 | D:1      | Reached XP level 1. HP: 18/18 MP: 1/1
    12 | D:1      | Reached skill level 2 in Axes
    27 | D:1      | Gained mutation: You are partially covered in iridescent scales (AC +4). [demonic ancestry]
    27 | D:1      | Reached XP level 2. HP: 17/24 MP: 2/2
   179 | D:1      | Reached skill level 3 in Axes
   443 | D:1      | Reached XP level 3. HP: 28/29 MP: 3/3
  1264 | D:2      | Gained mutation: You have sharp toenails. [demonic ancestry]
  1264 | D:2      | Reached XP level 4. HP: 34/35 MP: 4/4
  1470 | D:2      | Found a stormy altar of Qazlal.
  1570 | D:2      | Reached skill level 4 in Axes
  1878 | D:3      | Noticed Jessica
  1886 | D:3      | Killed Jessica
  2043 | D:3      | Noticed Duffy's ghost (weakling DsFi)
  2054 | D:3      | Found a deep blue altar of Sif Muna.
  2060 | D:2      | Slain by an adder

Skill      XL: |  1  2  3  4 |
---------------+-------------+-----
Axes           | 2 3 4 |  4.4
Fighting       | |  3.0
Armour         | |  2.6
Shields        | |  2.6

Vault maps used:
D:1:      erik_arrival_orb_chamber
D:2:      serial_forest, infiniplex_forest_lined_corner,
          infiniplex_forest_end_3, infiniplex_forest_pool,
          infiniplex_forest_clump_small, infiniplex_forest_lined_2,
          infiniplex_forest_lined_2, first_bread, grunt_qazlal_sundering
D:3:      lemuel_doored_altar, old_standard_altar, uniq_jessica

Vanquished Creatures
  Jessica
  2 adders
  2 dart slugs
  2 giant geckos
  A ball python
  4 giant cockroaches
  2 goblins
  4 hobgoblins
  9 jackals
  6 bats
  4 giant newts
  6 kobolds
  17 rats
60 creatures vanquished.
